cohdb
Replays
Latest Replays
All Replays
Popular Replays
Top Player Replays
Match Explorer
How It Works
Community
CoH3 Stats
Reddit
Sign in to upload your games and track your stats! →
Sign in with Steam
Match 43074376
Unlisted
Match 43074376
Overview
Messages
Build Orders
End
Engineer Squad
Construct Weapon Support Center
Selects Advanced Infantry Battlegroup
M1919 Machine Gun Team
Engineer Squad
Mechanized Support Center
Mortar Pit
Selects Convert to Ranger Squad
.30 cal Machine Gun
Selects Frontline Medical Station
Frontline Medical Station
M3 Armored Personnel Carrier
M3 Armored Personnel Carrier
Mortar Pit
Selects Ammunition Storage
Construct Tank Depot
Selects M2A1 105mm Howitzer Emplacement
Selects Infantry Assault
Infantry Assault
Selects 155mm Rapid Artillery Barrage
991
Raymeng
lupoy
1505884205
vincent
Bllndc
Naka ngiti yang Guastatori_TVV
Kei
0
0
Comments
sign in to comment!
No comments posted yet!